 Dungeon Crawl Stone Soup version 0.30.0-29-ga12c61a403 (webtiles) character file.

Game seed: 17047203430409572663

2039 qw the Cleaver (level 9, -3/55 HPs)
             Began as a Gargoyle Fighter on June 4, 2023.
             Was a Follower of Okawaru.
             Slain by an orc warrior
             ... wielding a +0 battleaxe
              (9 damage)
             ... on level 6 of the Dungeon.
             The game lasted 00:02:36 (4889 turns).

qw the Cleaver (Gargoyle Fighter)                   Turns: 4889, Time: 00:02:36

Health: -3/55      AC: 19    Str: 29    XL:     9   Next: 24%
Magic:  9/9        EV:  9    Int:  7    God:    Okawaru [*.....]
Gold:   228        SH:  4    Dex:  8    Spells: 8/8 levels left

rFire   . . .        Y - +3 war axe (freeze)
rCold   . . .        c - +0 buckler
rNeg    + . .        m - +0 chain mail
rPois   inf          n - +2 helmet
rElec   +            (no cloak)
rCorr   .            (no gloves)
SInv    .            (no boots)
Will    .....        (no amulet) Stlth
                     (no ring)
HPRegen 0.29/turn    (no ring)
MPRegen 0.11/turn

%: no passive effects
@: about to teleport
A: sickness immunity, AC +6, negative energy resistance 1, electricity
resistance, torment resistance 1, petrification resistance, screaming 1, strong
1
a: Renounce Religion, Heroism


You were on level 6 of the Dungeon.
You worshipped Okawaru.
Okawaru was aware of your devotion.
You visited 2 branches of the dungeon, and saw 7 of its levels.

You collected 270 gold pieces.
You spent 42 gold pieces at shops.


Innate Abilities, Weirdness & Mutations

You are immune to sickness and miasma.
Your stone body is resilient. (AC +6)
You are immune to poison.
You resist negative energy. (rN+)
You are resistant to electric shocks. (rElec)
You are resistant to unholy torment.
You are immune to petrification.
You occasionally shout uncontrollably at your foes.
Your muscles are strong. (Str +4, Int/Dex -1)


   Skills:
 + Level 6.0 Fighting
 - Level 9.0 Axes
 - Level 5.8 Armour
 - Level 1.0 Dodging
 - Level 4.1 Shields
 + Level 0.1 Invocations


You had 8 spell levels left.
You didn't know any spells.
Your spell library was empty.

Inventory:

Hand Weapons
 e - a +0 flail
 Y - a +3 war axe of freezing (weapon)
Armour
 c - a +0 buckler (worn)
 m - a +0 chain mail (worn)
 n - a +2 helmet (worn)
 o - a +0 plate armour
Jewellery
 g - a ring of willpower
Scrolls
 i - 2 scrolls of identify
 l - a scroll of blinking {unknown}
Potions
 a - 2 potions of magic
 b - a potion of curing
 d - a potion of might
 h - 2 potions of haste {unknown}
 j - 2 potions of mutation
 k - a potion of cancellation {unknown}

Dungeon Overview and Level Annotations

Branches:
Dungeon (6/15)             Temple (1/1) D:6

Altars:
Dithmenos
Elyvilon
Fedhas
Gozag
Hepliaklqana
Kikubaaqudgha
Makhleb
Okawaru
Qazlal
Ru
Trog
Wu Jian
Xom
Yredelemnul
Zin

Shops:
D:2 (   D:5 :

Annotations:
D:6 exclusion: 3 orcs


Message History

Enter note:
Enter note:
Enter note:
Enter note:
Enter note:
Enter note:
Enter note:
Enter note:
4882 ||| UPGRADING to +0 plate armour.
The orc misses you.
You start removing your armour.
You continue taking off your +0 chain mail.
The orc hits you but does no damage.
You stop removing your armour.
The orc priest miscasts a cantrip.
4884 ||| UPGRADING to +0 plate armour.
The orc hits you but does no damage.
You stop removing your armour.
4885 ||| UPGRADING to +0 plate armour.
You block the orc's attack.
You stop removing your armour.
The orc warrior hits you with a +0 battleaxe.
4886 ||| UPGRADING to +0 plate armour.
The orc hits you but does no damage.
You stop removing your armour.
The orc priest mumbles some strange prayers to Beogh against you.
Beogh smites you!
The orc warrior hits you with a +0 battleaxe.
4887 ||| READING scroll of teleportation.
As you read the scroll of teleportation, it crumbles to dust.
You feel strangely unstable.
An orc priest comes into view. It is wielding a +0 flail.
You block the orc's attack.
The orc priest hits you but does no damage.
The orc warrior barely misses you.
4888 ||| UPGRADING to +0 plate armour.
You block the orc's attack.
You stop removing your armour.
The orc priest hits you with a +0 war axe!
The orc warrior closely misses you.
4889 ||| UPGRADING to +0 plate armour.
The orc priest barely misses you.
The orc warrior hits you with a +0 battleaxe!
You stop removing your armour.
You die...

.#.........#....#............
.#.........#....##...........
.#.........#....#............
.#.........#....#............
.'.........'....#............
.#.........#....##...........
.#.........#######...........
.#.........'....oo...........
+#.........#....@....o..#....
...........#....o............
...........#######...~~~~~~¤~
..#####..........#...~o....o.
..#...#..........#...~.#####
..#...#..........#'#.~...
..#...#..............¤.#.
..#...#..............¤.#
..#...#..............¤.#####


You could see an orc warrior, 2 orc priests and 2 orcs.

Vanquished Creatures
  Pikel (D:6)
  A black bear (D:5)
  A hornet zombie (D:6)
  3 ice beasts (D:5)
  An ogre (D:6)
  3 phantoms (D:6)
  4 lemures (D:6)
  A scorpion (D:5)
  A water moccasin zombie (D:6)
  A bullfrog zombie (D:6)
  5 hounds
  An orc priest (D:6)
  2 gnoll boudas (D:5)
  2 bullfrog skeletons (D:6)
  3 iguanas
  An orc wizard (D:6)
  Ijyb (D:4)
  2 howler monkey zombies (D:6)
  9 gnolls
  A howler monkey skeleton (D:6)
  8 adders
  A shadow imp (D:5)
  A white imp (D:6)
  3 ufetubi
  2 worms
  3 dart slugs
  10 orcs
  3 bats
  9 endoplasms
  5 giant cockroaches
  4 hobgoblins
  8 quokkas
  9 ball pythons
  2 frilled lizards
  2 goblins
  5 kobolds
  4 rats
123 creatures vanquished.

Notes
Turn   | Place    | Note
-------+----------+-------------------------------------------
     0 | D:1      | qw the Gargoyle Fighter began the quest for the Orb.
     0 | D:1      | Reached XP level 1. HP: 14/14 MP: 1/1
     0 | D:1      | 0 ||| qw: Version: 0.2-a-107-g4668610
     0 | D:1      | 0 ||| qw: Game counter: 1195
     0 | D:1      | 0 ||| qw: Always use a shield: true
     0 | D:1      | 0 ||| qw: God list: Okawaru
     0 | D:1      | 0 ||| qw: Allow faded altars: false
     0 | D:1      | 0 ||| qw: Do Orc after D:15 true
     0 | D:1      | 0 ||| qw: Do second Lair branch before Depths: true
     0 | D:1      | 0 ||| qw: Lair rune preference: random
     0 | D:1      | 0 ||| qw: Plans: Normal, Zot:1-4, Slime:5, God:TSO, Crypt,
                  | Tomb, Abyss, Pan, Hells, Win
     0 | D:1      | 0 ||| PLANNING D:1-11
    44 | D:1      | Reached skill level 2 in Axes
   200 | D:1      | Reached XP level 2. HP: 18/19 MP: 2/2
   589 | D:1      | 589 ||| UPGRADING to +2 helmet.
   594 | D:1      | 594 ||| DROPPING ring of magical power.
   595 | D:1      | 595 ||| READING scroll labelled ASAORU VOLIVOISE.
   596 | D:1      | 596 ||| READING scroll labelled ESYWOSONUGO.
   597 | D:1      | 597 ||| READING scroll labelled DUFICATOEN.
   601 | D:1      | 601 ||| READING scroll labelled BONILACEDO.
   602 | D:1      | 602 ||| DRINKING 2 metallic blue potions.
   610 | D:1      | 610 ||| DRINKING 2 fuming brown potions.
   715 | D:1      | 715 ||| DROPPING potion of ambrosia.
   716 | D:1      | 716 ||| DROPPING potion of berserk rage.
   738 | D:2      | 738 ||| STAIRDANCE
   745 | D:2      | Reached skill level 3 in Axes
   749 | D:2      | 749 ||| STAIRDANCE
   772 | D:2      | Reached XP level 3. HP: 23/23 MP: 3/3
   780 | D:2      | Found Xoges's Weapon Boutique.
   793 | D:2      | 793 ||| READING scroll of enchant weapon.
   793 | D:2      | 793 ||| ENCHANTING +1 war axe.
   795 | D:2      | 795 ||| BUYING +0 flail (42 gold).
   795 | D:2      | Bought a +0 flail for 42 gold pieces
   795 | D:2      | 795 ||| SHOPLISTING +0 heavy flail (99 gold, have 2).
   795 | D:2      | 795 ||| DROPPING +0 mace.
  1044 | D:2      | Found a faded altar of an unknown god.
  1130 | D:2      | Reached XP level 4. HP: 28/28 MP: 4/4
  1278 | D:2      | 1278 ||| READING scroll labelled KEEDEUF FIVAI.
  1297 | D:2      | 1297 ||| READING scroll labelled ATUEMUA FOMEO.
  1298 | D:2      | 1298 ||| DRINKING 2 white potions.
  1298 | D:2      | Gained mutation: Your muscles are strong. (Str +4, Int/Dex
                  | -1) [potion of mutation]
  1298 | D:2      | Gained mutation: You occasionally shout uncontrollably at
                  | your foes. [potion of mutation]
  1299 | D:2      | 1299 ||| DRINKING 2 blue potions.
  1300 | D:2      | 1300 ||| DROPPING potion of flight.
  1400 | D:3      | Found a bloodstained altar of Trog.
  1454 | D:3      | Reached skill level 4 in Axes
  1497 | D:3      | 1497 ||| Stepping ~*~*~tactically~*~*~ (hiding).
  1498 | D:3      | 1498 ||| Stepping ~*~*~tactically~*~*~ (hiding).
  1748 | D:3      | 1748 ||| Stepping ~*~*~tactically~*~*~ (hiding).
  1750 | D:3      | 1750 ||| Stepping ~*~*~tactically~*~*~ (hiding).
  1867 | D:3      | 1867 ||| READING scroll of enchant weapon.
  1867 | D:3      | 1867 ||| ENCHANTING +2 war axe.
  2283 | D:3      | 2283 ||| READING scroll labelled ALLEWK XABBECH.
  2284 | D:3      | 2284 ||| READING 2 scrolls labelled ERUTOA LERE.
  2285 | D:3      | 2285 ||| READING 2 scrolls of identify.
  2285 | D:3      | 2285 ||| IDENTIFYING fizzy ruby potion
  2286 | D:3      | 2286 ||| DROPPING scroll of noise.
  2342 | D:4      | Reached XP level 5. HP: 29/32 MP: 5/5
  2374 | D:4      | 2374 ||| Stepping ~*~*~tactically~*~*~ (stealth).
  2400 | D:4      | Reached skill level 5 in Axes
  2483 | D:4      | 2483 ||| Stepping ~*~*~tactically~*~*~ (stealth).
  2591 | D:4      | 2591 ||| Stepping ~*~*~tactically~*~*~ (hiding).
  2593 | D:4      | 2593 ||| Stepping ~*~*~tactically~*~*~ (hiding).
  2737 | D:4      | 2737 ||| Stepping ~*~*~tactically~*~*~ (stealth).
  2745 | D:4      | 2745 ||| Stepping ~*~*~tactically~*~*~ (stealth).
  2747 | D:4      | 2747 ||| Stepping ~*~*~tactically~*~*~ (hiding).
  3094 | D:4      | Reached XP level 6. HP: 38/38 MP: 6/6
  3194 | D:4      | 3194 ||| UPGRADING to +0 chain mail.
  3204 | D:4      | 3204 ||| DROPPING +0 scale mail.
  3205 | D:4      | 3205 ||| READING scroll labelled ASARPH JECVUSO.
  3206 | D:4      | 3206 ||| READING scroll labelled UCAULE SAHO.
  3232 | D:5      | Entered Level 5 of the Dungeon
  3232 | D:5      | Noticed an ice beast
  3241 | D:5      | Killed an ice beast
  3243 | D:5      | 3243 ||| Stepping ~*~*~tactically~*~*~ (hiding).
  3246 | D:5      | 3246 ||| Stepping ~*~*~tactically~*~*~ (hiding).
  3247 | D:5      | 3247 ||| Stepping ~*~*~tactically~*~*~ (hiding).
  3252 | D:5      | Noticed Ijyb
  3259 | D:5      | 3259 ||| STAIRDANCE
  3263 | D:4      | Killed Ijyb
  3264 | D:4      | Reached skill level 6 in Axes
  3334 | D:5      | Reached skill level 1 in Dodging
  3334 | D:5      | Reached XP level 7. HP: 43/43 MP: 7/7
  3441 | D:5      | 3441 ||| Stepping ~*~*~tactically~*~*~ (stealth).
  3453 | D:5      | Reached skill level 7 in Axes
  3527 | D:5      | HP: 6/43 [ice beast (12)]
  3528 | D:5      | 3528 ||| READING scroll of teleportation.
  3531 | D:5      | 3531 ||| Stepping ~*~*~tactically~*~*~ (stealth).
  3533 | D:5      | 3533 ||| Stepping ~*~*~tactically~*~*~ (stealth).
  3625 | D:5      | 3625 ||| Stepping ~*~*~tactically~*~*~ (stealth).
  3668 | D:5      | Identified the +2 shortbow of Haacet {flame, rElec rCorr}
  3671 | D:5      | Found Zaboatis's Book Boutique.
  3675 | D:5      | Reached XP level 8. HP: 49/49 MP: 8/8
  3804 | D:5      | 3804 ||| Stepping ~*~*~tactically~*~*~ (stealth).
  3824 | D:5      | 3824 ||| Stepping ~*~*~tactically~*~*~ (stealth).
  3826 | D:5      | 3826 ||| Stepping ~*~*~tactically~*~*~ (hiding).
  3828 | D:5      | 3828 ||| Stepping ~*~*~tactically~*~*~ (hiding).
  3829 | D:5      | 3829 ||| Stepping ~*~*~tactically~*~*~ (hiding).
  3987 | D:5      | 3987 ||| READING scroll labelled DEGIJI BOMN.
  3988 | D:5      | 3988 ||| READING 2 scrolls of identify.
  3988 | D:5      | 3988 ||| IDENTIFYING orange potion
  4041 | D:6      | Reached skill level 8 in Axes
  4080 | D:6      | Found a staircase to the Ecumenical Temple.
  4081 | D:6      | 4081 ||| PLANNING TEMPLE
  4088 | Temple   | Entered the Ecumenical Temple
  4089 | Temple   | 4089 ||| PLANNING OKAWARU WORSHIP
  4149 | Temple   | Became a worshipper of Warmaster Okawaru
  4149 | Temple   | 4149 ||| PLANNING D:1-11
  4195 | D:6      | Reached skill level 6 in Fighting
  4405 | D:6      | Found a hazy altar of Hepliaklqana.
  4406 | D:6      | Found a shimmering altar of Xom.
  4407 | D:6      | Noticed a spectral ugly thing
  4503 | D:6      | Reached skill level 9 in Axes
  4598 | D:6      | Reached * piety under Okawaru
  4605 | D:6      | 4605 ||| INVOKING Heroism.
  4742 | D:6      | Noticed Pikel
  4743 | D:6      | 4743 ||| Stepping ~*~*~tactically~*~*~ (stealth).
  4747 | D:6      | 4747 ||| Stepping ~*~*~tactically~*~*~ (stealth).
  4748 | D:6      | 4748 ||| Stepping ~*~*~tactically~*~*~ (stealth).
  4762 | D:6      | Killed Pikel
  4763 | D:6      | Reached XP level 9. HP: 55/55 MP: 9/9
  4872 | D:6      | 4872 ||| Stepping ~*~*~tactically~*~*~ (stealth).
  4873 | D:6      | 4873 ||| FLEEEEING.
  4874 | D:6      | 4874 ||| FLEEEEING.
  4875 | D:6      | 4875 ||| FLEEEEING.
  4876 | D:6      | 4876 ||| FLEEEEING.
  4877 | D:6      | 4877 ||| FLEEEEING.
  4878 | D:6      | 4878 ||| FLEEEEING.
  4879 | D:6      | 4879 ||| FLEEEEING.
  4880 | D:6      | 4880 ||| UPGRADING to +0 plate armour.
  4882 | D:6      | 4882 ||| UPGRADING to +0 plate armour.
  4884 | D:6      | 4884 ||| UPGRADING to +0 plate armour.
  4885 | D:6      | 4885 ||| UPGRADING to +0 plate armour.
  4886 | D:6      | 4886 ||| UPGRADING to +0 plate armour.
  4886 | D:6      | HP: 13/55 [orc warrior/+0 battleaxe (3)]
  4887 | D:6      | 4887 ||| READING scroll of teleportation.
  4888 | D:6      | 4888 ||| UPGRADING to +0 plate armour.
  4888 | D:6      | HP: 6/55 [orc priest/+0 war axe (8)]
  4889 | D:6      | 4889 ||| UPGRADING to +0 plate armour.
  4889 | D:6      | Slain by an orc warrior

Levels and vault maps discovered:
D:1:      dpeg_arrival_stone_temple_mockup, layout_basic,
          amcnicky_mini_corridor_feature, st_stairs_14
D:2:      layout_rooms, serial_shops, shop,
          dreamdust_ecumenical_altar_angels_and_demons, grunt_decor_fettered
D:3:      layout_basic, lemuel_tele_altar
D:4:      layout_loops_cross
D:5:      layout_rooms, serial_glass, glass_columns_a, glass_columns_a,
          serial_shops, shop, st_stairs_10, uniq_ijyb
D:6:      layout_gridville, regret_index_temple_of_mockery,
          mainiacjoe_overflow_brackets, minmay_temple_entry_glass,
          serial_undead, serial_undead_c, serial_undead_f, serial_undead_d,
          serial_undead_a, uniq_pikel
Temple:   nicolae_temple_x_marks_the_god

Skill      XL: |  1  2  3  4  5  6  7  8 |
---------------+-------------------------+-----
Axes           | 2 3 4 5 6 7 9 |  9.0
Fighting       | 4 5 6 |  6.0
Dodging        | 1 |  1.0
Shields        | 4 |  4.1
Armour         | 5 |  5.8
Invocations    | |  0.1

Action                     |  1- 3 |  4- 6 |  7- 9 || total
---------------------------+-------+-------+-------++-------
  Melee: War axe           |    93 |    86 |   181 ||   360
 Invoke: Heroism           |       |       |     1 ||     1
    Use: Scroll            |     5 |     8 |     4 ||    17
         Potion            |     2 |     2 |       ||     4
 Armour: Scale mail        |    53 |    28 |       ||    81
         Chain mail        |       |    23 |   120 ||   143
  Dodge: Dodged            |    53 |    41 |    83 ||   177
  Block: Buckler           |    20 |     8 |    39 ||    67

Table legend:
 A = Non-vault XP
 B = Vault XP
 C = Vault XP percentage of total XP
 D = Non-vault monster count
 E = Vault monster count
 F = Vault count percentage of total count
                 A         B        C        D         E       F
            +---------+---------+-------+---------+---------+-------
      Total |    1562 |    1351 |  46.4 |     103 |      16 |  13.4
            +---------+---------+-------+---------+---------+-------
        D:1 |      26 |       2 |   7.1 |      15 |       1 |   6.2
        D:2 |      58 |       0 |   0.0 |      23 |       0 |   0.0
        D:3 |      44 |       0 |   0.0 |      15 |       0 |   0.0
        D:4 |     205 |      35 |  14.6 |      13 |       1 |   7.1
        D:5 |     800 |     151 |  15.9 |      22 |       3 |  12.0
        D:6 |     429 |    1163 |  73.1 |      15 |      11 |  42.3
            +---------+---------+-------+---------+---------+-------
